 Dungeon Crawl Stone Soup version 0.27.0-1-g7a089689b8 (webtiles) character file.

Game seed: 3771251145887182980

6 Cruella the Bolt Thrower (level 1, -10/17 HPs)
             Began as a Barachi Hunter on Aug 11, 2021.
             Shot with an arrow by a centaur (12 damage)
             ... on level 3 of the Dungeon.
             The game lasted 00:02:30 (222 turns).

Cruella the Bolt Thrower (Barachi Hunter)            Turns: 222, Time: 00:02:31

Health: -10/17     AC:  3    Str: 13    XL:     1   Next: 90%
Magic:  1/1        EV: 11    Int: 11    God:
Gold:   6          SH:  0    Dex: 12    Spells: 0/0 levels left

rFire    . . .     SeeInvis .   a - +1 hand crossbow
rCold    . . .     Faith    .   (no shield)
rNeg     . . .     Spirit   .   c - +0 leather armour
rPois    .         Reflect  .   (no helmet)
rElec    .         Harm     .   (no cloak)
rCorr    .         Rampage  .   (no gloves)
Will     .....                  (no boots)
Stlth    +.........             (no amulet)
HPRegen  0.05/turn              (no ring)
MPRegen  0.07/turn              (no ring)

@: unable to hop, flying, slow
A: amphibious, slowness 1, strong legs 1, +LOS
a: Hop


You were on level 3 of the Dungeon.
You visited 1 branch of the dungeon, and saw 4 of its levels.

You collected 6 gold pieces.

Inventory:

Hand Weapons
 a - a +1 hand crossbow (weapon)
 b - a +0 short sword
Missiles
 d - 38 bolts (quivered ammo)
 g - 7 silver boomerangs
Armour
 c - a +0 leather armour (worn)


   Skills:
 + Level 2.8 Fighting
 + Level 4.1 Crossbows
 - Level 2.1 Dodging
 - Level 0.8 Stealth


You couldn't memorise any spells.
You didn't know any spells.
Your spell library was empty.

Dungeon Overview and Level Annotations

Branches:
Dungeon (4/15)
 Temple: D:4-7

Altars:


Innate Abilities, Weirdness & Mutations

You are amphibious.
You cover ground slowly.
You can hop short distances.
You have an extended range of vision and can be seen from far away.


Message History

There is a stone staircase leading down here.
There is a stone staircase leading down here.
You climb downwards.
There is a stone staircase leading up here.
Found a leather armour.
Found a stone staircase leading down.
There is a stone staircase leading up here.
There is a stone staircase leading up here.
You climb upwards.
There is a stone staircase leading down here.
Press: ? - help, v - describe, . - travel A granite statue.
Unknown command.
An endoplasm comes into view.
Found 6 gold pieces and 7 silver boomerangs.
You shoot a bolt.
The bolt completely misses the endoplasm.
You shoot a bolt. The bolt hits the endoplasm!
You kill the endoplasm!
Found a blue potion.
d - 38 bolts (gained 1)
You see here 7 silver boomerangs.
g - 7 silver boomerangs You now have 6 gold pieces.
Found a stone staircase leading down.
A centaur comes into view.
The centaur wields a +0 shortbow.
The centaur shoots an arrow.
The arrow hits you!
Ouch! That really hurt!
* * * LOW HITPOINT WARNING * * *
The centaur shoots an arrow.
The arrow hits you.
* * * LOW HITPOINT WARNING * * *
Hop to where?
Press: ? - help, Dir - move target Boing!
It was a potion of magic.
Magic courses through your body.
It was a potion of flight.
You feel very buoyant.
You fly up into the air.
The centaur shoots an arrow.
The arrow hits you!
Ouch! That really hurt!
You die...

#.#8###⌠###8#...#
#.............#######
#...................#
#.............#####.#
###8###8###8#..####
### #######.....#
##+######........#
.................#
............@....#
.................#
....c............#
.................#
c......##........#
....... #........#
..!... #######..#
...... ..# ..... ....


You could see a centaur.

Vanquished Creatures
  A worm (D:2)
  An endoplasm (D:3)
  A giant cockroach (D:3)
3 creatures vanquished.

Notes
Turn   | Place    | Note
-------+----------+-------------------------------------------
     0 | D:1      | Cruella the Barachi Hunter began the quest for the Orb.
     0 | D:1      | Reached XP level 1. HP: 17/17 MP: 1/1
   219 | D:3      | Noticed a centaur
   222 | D:3      | Shot with an arrow by a centaur

Illustrated notes

Levels and vault maps discovered:
D:1:      doesnt_arrival_eight_statues, layout_basic, minmay_crystal_room
D:2:      minmay_recursive_quarters, layout_basic,
          ebering_ecumenical_altar_abandoned, basic_altar, amethyst_killhole,
          uniq_crazy_yiuf_cottage
D:3:      layout_basic, okawaru_altar_gauntlet_db, marbit_many_paths,
          corexii_hall_statues_i, bh_walls_and_bars
D:4:      layout_layer_cave, uniq_natasha

Action                   || total
-------------------------++-------
 Fire: Hand crossbow     ||     8
 Abil: Hop               ||     1
  Use: Potion            ||     2
Armor: Leather armour    ||     1
Dodge: Dodged            ||     2
